 Dungeon Crawl Stone Soup version 0.29.1-14-g9c671dbff4 (webtiles) character file.

Game seed: 9099306841792562317

196 MajorAdolf the Conjurer (level 5, -1/49 HPs)
             Began as a Naga Wanderer on Feb 12, 2023.
             Slain by an ice beast (7 damage)
             ... on level 4 of the Dungeon.
             The game lasted 00:05:46 (4259 turns).

MajorAdolf the Conjurer (Naga Wanderer)             Turns: 4259, Time: 00:05:47

Health: -1/49      AC:  3    Str: 12    XL:     5   Next: 74%
Magic:  2/9        EV:  9    Int: 13    God:
Gold:   197        SH:  0    Dex: 14    Spells: 6/10 levels left

rFire   . . .      SeeInvis +   x - +3 dagger (elec)
rCold   . . .      Faith    .   (no shield)
rNeg    . . .      Spirit   .   (no body armour)
rPois   +          Reflect  .   C - +0 helmet
rElec   .          Harm     .   (no cloak)
rCorr   .          Rampage  .   m - +0 pair of gloves
Will    .....                   (no barding)
Stlth   ++........              (no amulet)
HPRegen 0.16/turn               (no ring)
MPRegen 0.11/turn               (no ring)

@: very slow
A: AC +1, large, see invisible, deformed body, poison resistance, slowness 2,
spit poison 1, naga tail 1
a: Spit Poison


You were on level 4 of the Dungeon.
You visited 1 branch of the dungeon, and saw 5 of its levels.

You collected 197 gold pieces.

Inventory:

Hand Weapons
 a - a +2 dagger
 g - a +1 hand axe of electrocution
 x - a +3 dagger of electrocution (weapon)
Missiles
 y - 12 stones
Armour
 m - a +0 pair of gloves (worn)
 C - a +0 helmet (worn)
Jewellery
 f - a ring of positive energy
Wands
 B - a wand of paralysis (5)
Scrolls
 b - a scroll of fear
 d - a scroll of blinking
 e - 2 scrolls of noise {unknown}
 j - 3 scrolls of identify {unknown}
 k - a scroll of summoning {unknown}
 p - a scroll of vulnerability {unknown}
 q - 2 scrolls of poison {unknown}
 r - a scroll of enchant armour {unknown}
 s - 2 scrolls of teleportation {unknown}
 u - 2 scrolls of butterflies {unknown}
 A - a scroll of amnesia {unknown}
 D - a scroll of immolation {unknown}
 E - a scroll of magic mapping {unknown}
Potions
 c - 5 potions of curing
 h - 2 potions of magic {unknown}
 i - 3 potions of lignification {unknown}
 l - a potion of flight {unknown}
 n - a potion of brilliance {unknown}
 o - 2 potions of invisibility {unknown}
 t - 4 potions of ambrosia {unknown}
 v - 3 potions of heal wounds {unknown}
 w - a potion of berserk rage {unknown}
 z - 2 potions of attraction {unknown}


   Skills:
 - Level 3.0 Fighting
 - Level 1.0 Throwing
 - Level 1.0 Dodging
 - Level 3.0 Stealth
 + Level 3.0 Spellcasting
 + Level 3.6 Conjurations
 + Level 3.5 Earth Magic


You had 6 spell levels left.
You knew the following spells:

 Your Spells              Type           Power      Damage    Failure   Level
a - Sandblast             Erth           22%        2d7       5%          1
b - Stone Arrow           Conj/Erth      22%        3d8       16%         3

Your spell library contained the following spells:

 Spells                   Type           Power      Damage    Failure   Level


Dungeon Overview and Level Annotations

Branches:
Dungeon (5/15)
 Temple: D:4-7

Altars:
Yredelemnul

Shops:
D:2 !

Annotations:
D:3 1 runed translucent door, Crazy Yiuf
D:5 Sigmund


Innate Abilities, Weirdness & Mutations

Your serpentine skin is tough. (AC +1)
You have supernaturally acute eyesight. (SInv)
Armour fits poorly on your strangely shaped body.
Your system is resistant to poisons. (rPois)
You cover ground very slowly.
You can spit poison.
You have a snake-like lower body.


Message History

The splash of poison misses Sigmund.
The splash of poison hits the jackal.
The jackal is poisoned.
You kill the jackal!
Sigmund hits you but does no damage.
You see here a +0 chain mail.
Sigmund points at you and mumbles some strange words.
You are confused.
Sigmund says, "I'm your fate." Sigmund closely misses you.
The ice beast closely misses you.
Your magical contamination has completely faded away.
Sigmund attacks as you move away! Sigmund hits you with a +0 scythe.
You have got your breath back.
The ice beast attacks as you move away! The ice beast misses you.
The ice beast closely misses you.
You feel less confused.
Sigmund flickers, as though insubstantial.
The ice beast closely misses you.
There is a stone staircase leading up here.
The ice beast hits you. The ice beast freezes you. The adder bites you.
You climb upwards.
There is a stone staircase leading down here.
You already know all available spells.
Unknown command.
Okay, then.
Okay, then.
Okay, then.
Aiming: Paralyse
Press: ? - help, Shift-Dir - straight line, f - ice beast
Aim: an ice beast (chance to affect: 49%)
The ice beast resists with some effort.
The ice beast hits you. The ice beast freezes you!
* * * LOW HITPOINT WARNING * * *
Unknown command.
Aiming: Paralyse
Press: ? - help, Shift-Dir - straight line, f/p - ice beast
Aim: an ice beast (chance to affect: 49%)
The ice beast resists with some effort.
The ice beast hits you.
* * * LOW HITPOINT WARNING * * *
The ice beast freezes you!
You die...

...#.....#.....#.....###.....##..
...#....#......#......#.#######..
...#...###.....#.....#.....####..
..#.###.#.###.#......#......##...
.###...#.....###.....#.....#.#...
#.#....#......#.###.#......#.#...
.#.....#.....#.....###.....#.#...
.#....#......#.Y....#.###.#......
.#...###.....#..@..#.....###.....
#.###.#.###.#......#......##.....
##...#.....###.....#.....##......
#....#......#.###.#......##......
.....#.....#.....###.....###.....
....#......#......#.###.## ######
...###.....#....[#.....####
###...###.#......#......#.##
.........###.....#.....#...# ##


You could see an ice beast.

Vanquished Creatures
  A scorpion (D:3)
  A crimson imp (D:4)
  An adder (D:4)
  A white imp (D:4)
  A worm (D:3)
  6 dart slugs
  2 orcs (D:3)
  4 ball pythons
  9 bats
  5 giant cockroaches
  6 hobgoblins
  5 jackals
  8 kobolds
  2 quokkas
  7 frilled lizards
  4 goblins
  6 rats
69 creatures vanquished.

Notes
Turn   | Place    | Note
-------+----------+-------------------------------------------
     0 | D:1      | MajorAdolf the Naga Wanderer began the quest for the Orb.
     0 | D:1      | MajorAdolf set off with the following items: a +2 dagger, a
                  | scroll of fear, a potion of curing, a scroll of blinking, a
                  | +0 leather armour; and the following spell memorised:
                  | Sandblast; and the following spells available to memorise:
                  | Stone Arrow.
     0 | D:1      | Reached XP level 1. HP: 21/21 MP: 4/4
   250 | D:1      | Reached skill level 1 in Conjurations
   250 | D:1      | Reached skill level 1 in Earth Magic
   250 | D:1      | Reached XP level 2. HP: 28/28 MP: 6/6
   646 | D:1      | Reached XP level 3. HP: 34/34 MP: 7/7
   958 | D:1      | Found a faded altar of an unknown god.
  1197 | D:2      | Learned a level 3 spell: Stone Arrow
  1498 | D:2      | Found Fitsu's Distillery.
  1989 | D:3      | Reached XP level 4. HP: 36/42 MP: 8/8
  2347 | D:3      | Found a runed translucent door.
  2348 | D:3      | Noticed Crazy Yiuf
  2561 | D:3      | Noticed a scorpion
  2573 | D:3      | Killed a scorpion
  2574 | D:3      | Reached XP level 5. HP: 35/49 MP: 9/9
  3120 | D:4      | Found a basalt altar of Yredelemnul.
  4215 | D:5      | Entered Level 5 of the Dungeon
  4235 | D:5      | Noticed Sigmund
  4240 | D:5      | Noticed an ice beast
  4259 | D:4      | Slain by an ice beast

Illustrated notes

Levels and vault maps discovered:
D:1:      saegor_arrival_simple_d, layout_loops_corners,
          shapermc_ecumenical_altar_acropolis, minmay_quantized
D:2:      layout_rooms, serial_shops, shop
D:3:      layout_loops_ring, minmay_misc_feat_room, uniq_crazy_yiuf_cottage
D:4:      nicolae_BIG_FREAKIN_CUBE, layout_cave_pods,
          mainiacjoe_overflow_cross_hatched, minmay_fire_ice_demons
D:5:      layout_loops_ring, nzn_overflow_gifts_of_might_and_magic,
          mainiacjoe_overflow_chevrons, nicolae_wu_jian_immortal_techniques,
          serial_shops, kennysheep_mini, uniq_sigmund, uniq_blork_the_orc

Skill      XL: |  1  2  3  4 |
---------------+-------------+-----
Conjurations   | 1 2 3 |  3.6
Earth Magic    | 1 2 3 |  3.5
Fighting       | |  3.0
Throwing       | |  1.0
Dodging        | |  1.0
Stealth        | |  3.0
Spellcasting   | |  3.0

Action                   |  1- 3 |  4- 6 || total
-------------------------+-------+-------++-------
Melee: Hand axe          |    68 |       ||    68
       Dagger            |     6 |    38 ||    44
 Cast: Stone Arrow       |       |     8 ||     8
 Abil: Spit Poison       |    23 |     9 ||    32
Evoke: Wand              |       |     2 ||     2
 Stab: Sleeping          |     8 |     3 ||    11
Armor: Leather armour    |    42 |       ||    42
       Skin              |     2 |     8 ||    10
Dodge: Dodged            |    47 |    31 ||    78
